 Dungeon Crawl Stone Soup version 0.30.0-19-g36f170ea60 (webtiles) character file.

Game seed: 13440424364249258649

1197 AlmostDecent the Chiller (level 8, -15/58 HPs)
             Began as a Gnoll Ice Elementalist on May 29, 2023.
             Was an Initiate of Vehumet.
             Killed from afar by Maggie (25 damage)
             ... with a bolt of fire
             ... on level 6 of the Dungeon.
             The game lasted 00:24:40 (5877 turns).

AlmostDecent the Chiller (Gnoll Ice Elementalist)   Turns: 5877, Time: 00:24:41

Health: -15/58     AC:  7    Str:  8    XL:     8   Next: 44%
Magic:  8/17       EV: 13    Int: 22    God:    Vehumet [......]
Gold:   310        SH:  7    Dex: 13    Spells: 10/19 levels left

rFire   . . .        E - +2 trident (vamp)
rCold   . . .        F - +2 buckler {rPois}
rNeg    . . .        a - +0 robe
rPois   +            x - +1 hat
rElec   .            H - +2 cloak
rCorr   .            (no gloves)
SInv    .            l - +0 pair of boots
Will    .....        (no amulet)
Stlth   +++          j - +6 ring of intelligence
HPRegen 0.29/turn    m - ring of flight
MPRegen 0.15/turn

%: no passive effects
@: freezing walls, flying, mesmerised
A: fangs 1, strong nose, distributed training
a: Renounce Religion


You were on level 6 of the Dungeon.
You worshipped Vehumet.
Vehumet was noncommittal.
You visited 2 branches of the dungeon, and saw 7 of its levels.
You also visited: Sewer.

You collected 310 gold pieces.

Inventory:

Hand Weapons
 g - a +0 mace
 s - a +0 short sword
 y - a +2 hand axe of freezing
 E - a +2 vampiric trident (weapon)
 G - a +4 quarterstaff of chaos
Missiles
 t - a throwing net
Armour
 a - a +0 robe (worn)
 l - a +0 pair of boots (worn)
 x - a +1 hat (worn)
 F - a +2 buckler of poison resistance (worn)
 H - a +2 cloak (worn)
Magical Staves
 n - a staff of poison
Jewellery
 c - a ring of positive energy
 j - a +6 ring of intelligence (left hand)
 k - a ring of see invisible
 m - a ring of flight (right hand)
Wands
 D - a wand of flame (28)
Scrolls
 e - a scroll of enchant weapon
 f - a scroll of silence
 h - a scroll of vulnerability
 i - 2 scrolls of immolation
 o - 2 scrolls of teleportation
 q - a scroll of identify
 B - a scroll of blinking
 C - a scroll of magic mapping {unknown}
Potions
 b - 2 potions of magic
 d - 3 potions of flight
 r - 2 potions of cancellation
 u - a potion of brilliance {unknown}
 v - a potion of might {unknown}
 w - a potion of invisibility {unknown}
 z - a potion of haste
 A - a potion of degeneration {unknown}


   Skills:
 + Level 3.4 Fighting
 + Level 3.4 Short Blades
 + Level 3.4 Long Blades
 + Level 3.4 Axes
 + Level 3.4 Maces & Flails
 + Level 3.4 Polearms
 + Level 3.4 Staves
 + Level 3.4 Ranged Weapons
 + Level 3.4 Throwing
 + Level 3.4 Armour
 + Level 5.8 Dodging
 + Level 5.4 Stealth
 + Level 3.4 Shields
 + Level 3.4 Unarmed Combat
 + Level 6.1 Spellcasting
 + Level 2.8 Conjurations
 + Level 2.8 Hexes
 + Level 2.8 Summonings
 + Level 2.8 Necromancy
 + Level 2.8 Translocations
 + Level 2.8 Transmutations
 + Level 2.8 Fire Magic
 + Level 7.7 Ice Magic
 + Level 2.8 Air Magic
 + Level 2.8 Earth Magic
 + Level 2.8 Poison Magic
 + Level 3.7 Invocations
 + Level 3.4 Evocations


You had 10 spell levels left.
You knew the following spells:

 Your Spells              Type           Power      Damage    Failure   Level
a - Freeze                Ice            100%       1d10      1%          1
b - Frozen Ramparts       Ice            80%        1d13      1%          3
c - Ozocubu's Armour      Ice            40%        N/A       1%          3
d - Blink                 Tloc           38%        N/A       6%          2

Your spell library contained the following spells:

 Spells                   Type           Power      Damage    Failure   Level
 Lesser Beckoning         Tloc           38%        N/A       6%          2
 Momentum Strike          Conj/Tloc      38%        3d9       6%          2
 Gell's Gravitas          Tloc           19%        N/A       13%         3
 Teleport Other           Tloc           19%        N/A       13%         3
 Summon Ice Beast         Ice/Summ       29%        N/A       16%         4
 Dispersal                Tloc           9%         N/A       100%        6


Dungeon Overview and Level Annotations

Branches:
Dungeon (6/15)             Temple (1/1) D:5           Sewer (visited)

Altars:
Ashenzari
Cheibriados
Dithmenos
Elyvilon
Fedhas
Makhleb
Okawaru
Qazlal
Sif Muna
Uskayaw
Vehumet
Xom
Zin
The Shining One

Annotations:
D:6 Maggie


Innate Abilities, Weirdness & Mutations

You have very sharp teeth.
Your uncanny sense of smell can sniff out nearby items.
Your experience applies equally to all skills.


Message History

Maggie is moderately wounded.
The wall freezes Maggie.
Maggie zaps a wand.
The bolt of light hits you.
You are confused.
The wall freezes Maggie.
Maggie hits you but does no damage.
Your icy armour and frozen ramparts will break if you move.
Continue? [Y]es or [N]o only, please.
Your icy armour and frozen ramparts will break if you move.
Continue?
Okay, then.
Your icy armour and frozen ramparts will break if you move.
Continue?
Okay, then.
Your icy armour and frozen ramparts will break if you move.
Continue?
Okay, then.
You are too confused!
You feel better.
The wall freezes Maggie.
Maggie zaps a wand.
The bolt of light misses you.
The wall freezes Maggie but does no damage.
Maggie gestures wildly while chanting.
Maggie draws you further into her thrall.
You hit Maggie.
Maggie is severely wounded.
The wall freezes Maggie.
Maggie hits you with a +0 scimitar!
The wall freezes Maggie.
Maggie casts a spell.
Maggie draws you further into her thrall.
You barely miss Maggie.
Maggie is severely wounded.
The wall freezes Maggie!
Maggie gestures at you while chanting. The bolt of fire misses you.
You barely miss Maggie. Your bite misses Maggie.
Maggie is almost dead.
The wall freezes Maggie.
Maggie casts a spell at you. The bolt of fire hits you!
* * * LOW HITPOINT WARNING * * *
The wall freezes Maggie but does no damage.
Maggie points at you and mumbles some strange words.
The bolt of fire hits you!!
Your icy armour melts away.
You die...

#######.#
#@).....#
#@)...###
#.....#
+.....#
#..:..#
###....#
###.# ..


You could see Maggie (mesmerising, fast).

Vanquished Creatures
  A phantom (D:5)
  Blork the orc (D:5)
  3 kobold brigands (Sewer)
  2 gnoll sergeants (D:5)
  2 scorpions
  A howler monkey (D:4)
  2 jellies (D:5)
  2 hounds (D:5)
  Crazy Yiuf (D:5)
  An orc priest (D:3)
  2 iguanas
  An orc wizard (D:6)
  A sleepcap (D:5)
  10 adders
  8 gnolls (D:5)
  A river rat (D:3)
  2 shadow imps (D:3)
  2 worms
  2 dart slugs
  9 orcs
  7 ball pythons
  8 endoplasms
  5 giant cockroaches
  2 goblins
  12 hobgoblins
  2 jackals (D:2)
  15 kobolds
  2 quokkas (D:3)
  6 bats
  5 frilled lizards
  2 rats (Sewer)
120 creatures vanquished.

Vanquished Creatures (others)
  An orc (D:6)
1 creature vanquished.

Grand Total: 121 creatures vanquished

Notes
Turn   | Place    | Note
-------+----------+-------------------------------------------
     0 | D:1      | AlmostDecent the Gnoll Ice Elementalist began the quest for
                  | the Orb.
     0 | D:1      | Reached XP level 1. HP: 13/13 MP: 6/6
    88 | D:1      | Reached XP level 2. HP: 19/19 MP: 2/7
   646 | D:2      | Reached skill level 5 in Spellcasting
   646 | D:2      | Reached XP level 3. HP: 24/25 MP: 3/9
   735 | D:2      | Reached skill level 1 in Invocations
   832 | D:2      | Learned a level 3 spell: Frozen Ramparts
   836 | D:2      | Learned a level 3 spell: Ozocubu's Armour
   839 | D:2      | Learned a level 2 spell: Blink
  1058 | D:2      | Reached skill level 1 in Fighting
  1058 | D:2      | Reached skill level 1 in Short Blades
  1058 | D:2      | Reached skill level 1 in Long Blades
  1058 | D:2      | Reached skill level 1 in Axes
  1058 | D:2      | Reached skill level 1 in Maces & Flails
  1058 | D:2      | Reached skill level 1 in Polearms
  1058 | D:2      | Reached skill level 1 in Staves
  1058 | D:2      | Reached skill level 1 in Ranged Weapons
  1058 | D:2      | Reached skill level 1 in Throwing
  1058 | D:2      | Reached skill level 1 in Armour
  1058 | D:2      | Reached skill level 1 in Shields
  1058 | D:2      | Reached skill level 1 in Unarmed Combat
  1058 | D:2      | Reached skill level 1 in Evocations
  1172 | D:2      | Reached XP level 4. HP: 29/32 MP: 9/11
  1557 | D:3      | Found a transporter.
  1574 | D:3      | Found a transporter.
  1810 | D:3      | Reached skill level 1 in Conjurations
  1810 | D:3      | Reached skill level 1 in Hexes
  1810 | D:3      | Reached skill level 1 in Summonings
  1810 | D:3      | Reached skill level 1 in Necromancy
  1810 | D:3      | Reached skill level 1 in Translocations
  1810 | D:3      | Reached skill level 1 in Transmutations
  1810 | D:3      | Reached skill level 1 in Fire Magic
  1810 | D:3      | Reached skill level 1 in Air Magic
  1810 | D:3      | Reached skill level 1 in Earth Magic
  1810 | D:3      | Reached skill level 1 in Poison Magic
  1928 | D:3      | Found a glowing drain.
  1932 | Sewer    | Entered a sewer
  1950 | Sewer    | Noticed a kobold brigand
  1959 | Sewer    | Killed a kobold brigand
  1960 | Sewer    | Reached XP level 5. HP: 24/37 MP: 6/12
  2092 | Sewer    | Noticed a kobold brigand
  2097 | Sewer    | Killed a kobold brigand
  2098 | Sewer    | Reached XP level 6. HP: 41/44 MP: 7/14
  2235 | Sewer    | Reached skill level 5 in Dodging
  2407 | D:3      | Found a glowing silver altar of Zin.
  3207 | D:4      | Reached XP level 7. HP: 51/51 MP: 10/15
  4196 | D:5      | Entered Level 5 of the Dungeon
  4196 | D:5      | Noticed Blork the orc
  4213 | D:5      | Killed Blork the orc
  4214 | D:5      | Reached skill level 5 in Stealth
  4325 | D:5      | Found a staircase to the Ecumenical Temple.
  4334 | Temple   | Entered the Ecumenical Temple
  4405 | Temple   | Became a worshipper of Vehumet
  4722 | D:5      | Reached XP level 8. HP: 49/58 MP: 9/16
  5722 | D:5      | Found a runed translucent door.
  5723 | D:5      | Noticed Crazy Yiuf
  5732 | D:5      | Killed Crazy Yiuf
  5860 | D:6      | Noticed Maggie
  5877 | D:6      | Killed from afar by Maggie

Illustrated notes

Levels and vault maps discovered:
D:1:      spicycebolla_arrival_clurvy, layout_basic, minmay_ruptured
D:2:      layout_loops_ring, minmay_crystal_water, grunt_ministairs_6
D:3:      gammafunk_wand_slinger, layout_loops_ring,
          mainiacjoe_overflow_tiny_flanked, gup_sewer_entry_bowl
D:4:      layout_basic
D:5:      layout_cave_pods, minmay_temple_entry_large_hall, uniq_blork_the_orc,
          uniq_crazy_yiuf_cottage
D:6:      layout_basic, marbit_many_paths, uniq_maggie, uniq_duvessa,
          uniq_sigmund
Temple:   dshaligram_water_room_temple

Skill      XL: |  1  2  3  4  5  6  7  8 |
---------------+-------------------------+-----
Spellcasting   | 5 6 |  6.1
Invocations    | 1 2 3 |  3.7
Fighting       | 1 2 3 |  3.4
Short Blades   | 1 2 3 |  3.4
Long Blades    | 1 2 3 |  3.4
Axes           | 1 2 3 |  3.4
Maces & Flails | 1 2 3 |  3.4
Polearms       | 1 2 3 |  3.4
Staves         | 1 2 3 |  3.4
Ranged Weapons | 1 2 3 |  3.4
Throwing       | 1 2 3 |  3.4
Armour         | 1 2 3 |  3.4
Shields        | 1 2 3 |  3.4
Unarmed Combat | 1 2 3 |  3.4
Evocations     | 1 2 3 |  3.4
Conjurations   | 1 2 |  2.8
Hexes          | 1 2 |  2.8
Summonings     | 1 2 |  2.8
Necromancy     | 1 2 |  2.8
Translocations | 1 2 |  2.8
Transmutations | 1 2 |  2.8
Fire Magic     | 1 2 |  2.8
Air Magic      | 1 2 |  2.8
Earth Magic    | 1 2 |  2.8
Poison Magic   | 1 2 |  2.8
Dodging        | 5 |  5.8
Stealth        | 5 |  5.4
Ice Magic      | |  7.7

Action                     |  1- 3 |  4- 6 |  7- 9 || total
---------------------------+-------+-------+-------++-------
  Melee: Mace              |     3 |    23 |       ||    26
         Bite              |     1 |     1 |    10 ||    12
         Hand axe          |       |     7 |    87 ||    94
         Punch             |       |       |     2 ||     2
         Trident           |       |       |    20 ||    20
   Cast: Freeze            |    44 |    64 |    10 ||   118
         Frozen Ramparts   |       |     7 |    16 ||    23
         Ozocubu's Armour  |       |     4 |    13 ||    17
    Use: Scroll            |       |     8 |       ||     8
         Potion            |       |     7 |     1 ||     8
   Stab: Sleeping          |       |     2 |     2 ||     4
 Armour: Robe              |     4 |    24 |    38 ||    66
  Dodge: Dodged            |    24 |    57 |    79 ||   160
  Block: Buckler           |       |       |     4 ||     4
